 Dungeon Crawl Stone Soup version 0.31.0-11-ge490571c62 (webtiles) character file.

Game seed: 4790048738795852187

492 qw the Skirmisher (level 6, 0/35 HPs)
             Began as a Deep Elf Hunter on Feb 3, 2024.
             Slain by an orc wizard
             ... wielding a +1 dagger of venom
              (3 damage)
             ... on level 4 of the Dungeon.
             The game lasted 00:00:15 (2946 turns).

qw the Skirmisher (Deep Elf Hunter)                 Turns: 2946, Time: 00:00:16

Health: 0/35       AC:  3    Str: 10    XL:     6   Next: 91%
Magic:  8/8        EV: 15    Int: 14    God:
Gold:   108        SH:  0    Dex: 24    Spells: 5/5 levels left

rFire   . . .        a - +1 shortbow (freeze)
rCold   . . .        (shield currently unavailable)
rNeg    . . .        c - +0 leather armour
rPois   .            (no helmet)
rElec   .            (no cloak)
rCorr   .            (no gloves)
SInv    .            (no boots)
Will    .....        (no amulet)
Stlth   ++           d - +6 ring of dexterity
HPRegen 0.25/turn    n - +4 ring of slaying {mikee}
MPRegen 0.11/turn

%: no passive effects
@: about to teleport
A: no striking features
a: no special abilities


You were on level 4 of the Dungeon.
You visited 1 branch of the dungeon, and saw 4 of its levels.

You collected 180 gold pieces.
You spent 72 gold pieces at shops.


   Skills:
 - Level 2.0 Fighting
 + Level 9.7 Ranged Weapons
 - Level 4.8 Dodging
 - Level 1.2 Stealth


You had 5 spell levels left.
You didn't know any spells.
Your spell library was empty.

Inventory:

Hand Weapons
 a - a +1 shortbow of freezing (weapon)
Armour
 c - a +0 leather armour (worn)
 p - a +0 ring mail
 q - a +1 hat
Jewellery
 d - a +6 ring of dexterity (left hand)
 n - a +4 ring of slaying (right hand) {mikee}
 o - an amulet of regeneration
Scrolls
 b - 3 scrolls of torment {unknown}
 j - a scroll of identify
Potions
 e - a potion of might
 f - a potion of haste {unknown}
 g - a potion of enlightenment
 h - a potion of berserk rage {unknown}
 i - 5 potions of curing
 k - a potion of heal wounds {unknown}
 l - 3 potions of resistance {unknown}

Dungeon Overview and Level Annotations

Branches:
Dungeon (4/15)
 Temple: D:4-7

Altars:

Shops:
D:2 !   D:4 *

Annotations:
D:3 1 runed translucent door, Crazy Yiuf


Message History

The orc wizard shouts!
The orc priest closely misses you.
The orc hits you with a +2 whip of electrocution.
The orc wizard gestures wildly while chanting.
The orc wizard flickers and vanishes!
Deactivating autopickup; reactivate with Ctrl-A.
Enter note:
Enter note:
2939 ||| RETREEEEATING.
The orc priest mumbles some strange prayers to Beogh against you.
Beogh smites you! The orc attacks as it pursues you! The orc barely misses you.
The howler monkey hoots and howls with incredible vigour!
There is an open door here.
Enter note:
Enter note:
2940 ||| RETREEEEATING.
You shoot an arrow. The arrow barely misses the orc.
The arrow hits the phantom!
You destroy the phantom!
The howler monkey hoots and howls with incredible vigour!
The orc misses you.
You hear a shout!
Your Dodging skill increases to level 4!
You shoot an arrow. The arrow hits the orc.
The arrow freezes the orc.
You kill the orc!
You shoot an arrow.
The arrow closely misses the orc priest.
The arrow hits the orc!
The arrow freezes the orc.
You kill the orc!
The orc priest invokes the aid of Beogh against you.
Beogh smites you!
2944 ||| READING scroll of teleportation.
As you read the scroll of teleportation, it crumbles to dust.
You feel strangely unstable. The orc priest barely misses you.
You shoot an arrow. The arrow hits the orc priest!
The arrow freezes the orc priest.
You kill the orc priest!
You shoot an arrow. Something hits you.
You die...

.)...........# ###
.#......###### ...o #..
.#......# $..... #..
.......## ...... #..
###.....# #####.$.... #..
..#...#'###### #..).......
### #.##.........#
#...o......
...##........#####..........
...##........'..@)h.........
...##.......)#####.....####
...##........# #.....#
...##........# #.....# ###
...###.......# #.....# #..
...###.......########### #.#
.............##....# #.#
........###%###....# #.#
###.....# #.# #....# #.#


You could see a howler monkey and an orc wizard.

Vanquished Creatures
  A black bear (D:4)
  A phantom (D:4)
  A hound (D:3)
  A bombardier beetle (D:4)
  2 orc priests (D:4)
  A sleepcap (D:4)
  An iguana (D:4)
  An orc wizard (D:4)
  2 adders (D:3)
  5 dart slugs
  2 ribbon worms (D:2)
  10 orcs
  8 ball pythons
  5 bats
  6 endoplasms
  3 giant cockroaches
  8 goblins
  8 hobgoblins
  6 jackals
  3 quokkas
  2 frilled lizards
  9 kobolds
  4 rats
  A spectral kobold (D:1)
91 creatures vanquished.

Notes
Turn   | Place    | Note
-------+----------+-------------------------------------------
     0 | D:1      | qw the Deep Elf Hunter began the quest for the Orb.
     0 | D:1      | Reached XP level 1. HP: 12/12 MP: 3/3
     0 | D:1      | 0 ||| qw: Version: 0.3-a-155-g5e7d8dd
     0 | D:1      | 0 ||| qw: Game counter: 3317
     0 | D:1      | 0 ||| qw: Melee chars always use a shield: true
     0 | D:1      | 0 ||| qw: God list: Okawaru
     0 | D:1      | 0 ||| qw: Allow faded altars: false
     0 | D:1      | 0 ||| qw: Do Orc after clearing Dungeon:15 true
     0 | D:1      | 0 ||| qw: Do second Lair branch before Depths: true
     0 | D:1      | 0 ||| qw: Lair rune preference: random
     0 | D:1      | 0 ||| qw: Goals: Normal
     0 | D:1      | 0 ||| PLANNING D:1-11
    97 | D:1      | Reached XP level 2. HP: 16/16 MP: 4/4
   101 | D:1      | Reached skill level 6 in Ranged Weapons
   244 | D:1      | Found a faded altar of an unknown god.
   572 | D:1      | 572 ||| UPGRADING to +6 ring of dexterity.
   573 | D:1      | 573 ||| READING scroll labelled JEPOYPRYIH.
   574 | D:1      | 574 ||| READING scroll labelled EBUYNY ZAEGUR UQO.
   574 | D:1      | 574 ||| IDENTIFYING yellow potion
   575 | D:1      | 575 ||| READING scroll labelled ICIF XEUPPEIT.
   578 | D:1      | 578 ||| DROPPING scroll of butterflies.
   628 | D:2      | Reached XP level 3. HP: 20/20 MP: 5/5
   654 | D:2      | Found Yvoil's Distillery.
   674 | D:2      | 674 ||| BUYING potion of curing (36 gold).
   674 | D:2      | Bought a potion of curing for 36 gold pieces
   674 | D:2      | 674 ||| BUYING potion of curing (36 gold).
   674 | D:2      | Bought a potion of curing for 36 gold pieces
   674 | D:2      | 674 ||| SHOPLISTING potion of curing (36 gold, have 18).
   674 | D:2      | 674 ||| SHOPLISTING potion of haste (120 gold, have 18).
   674 | D:2      | 674 ||| SHOPLISTING potion of heal wounds (60 gold, have
                  | 18).
   679 | D:2      | Identified the +0 plate armour of Nuff {Harm rF- rN+ Int+4}
   881 | D:2      | Reached skill level 7 in Ranged Weapons
  1064 | D:2      | Reached skill level 3 in Dodging
  1273 | D:2      | 1273 ||| UPGRADING to +4 ring of slaying {mikee}.
  1274 | D:2      | 1274 ||| READING scroll labelled OGAATSUURI.
  1275 | D:2      | 1275 ||| READING scroll labelled GUKUIMEMOFA.
  1275 | D:2      | 1275 ||| ENCHANTING +0 shortbow.
  1276 | D:2      | 1276 ||| READING scroll labelled EKIOZU GIREIKH.
  1276 | D:2      | 1276 ||| BRANDING +1 shortbow.
  1296 | D:3      | Reached XP level 4. HP: 25/25 MP: 6/6
  1331 | D:3      | 1331 ||| FLEEEEING.
  1332 | D:3      | 1332 ||| FLEEEEING.
  1333 | D:3      | 1333 ||| FLEEEEING.
  1601 | D:3      | Found a runed translucent door.
  1602 | D:3      | Noticed Crazy Yiuf
  1820 | D:3      | Reached skill level 8 in Ranged Weapons
  2441 | D:3      | 2441 ||| READING scroll of identify.
  2441 | D:3      | 2441 ||| IDENTIFYING bubbling grey potion
  2529 | D:4      | Reached XP level 5. HP: 29/29 MP: 7/7
  2596 | D:4      | Found Wach's Serpentskin Sales.
  2600 | D:4      | 2600 ||| SHOPLISTING +0 swamp dragon scales (650 gold, have
                  | 79).
  2680 | D:4      | Noticed a black bear
  2684 | D:4      | 2684 ||| RETREEEEATING.
  2686 | D:4      | Killed a black bear
  2687 | D:4      | Reached skill level 9 in Ranged Weapons
  2687 | D:4      | Reached XP level 6. HP: 30/34 MP: 8/8
  2821 | D:4      | 2821 ||| FLEEEEING.
  2822 | D:4      | 2822 ||| FLEEEEING.
  2823 | D:4      | 2823 ||| FLEEEEING.
  2824 | D:4      | 2824 ||| FLEEEEING.
  2825 | D:4      | 2825 ||| FLEEEEING.
  2826 | D:4      | 2826 ||| FLEEEEING.
  2827 | D:4      | 2827 ||| FLEEEEING.
  2828 | D:4      | 2828 ||| FLEEEEING.
  2829 | D:4      | 2829 ||| FLEEEEING.
  2830 | D:4      | 2830 ||| FLEEEEING.
  2835 | D:4      | 2835 ||| FLEEEEING.
  2836 | D:4      | 2836 ||| FLEEEEING.
  2937 | D:4      | 2937 ||| RETREEEEATING.
  2938 | D:4      | 2938 ||| RETREEEEATING.
  2939 | D:4      | 2939 ||| RETREEEEATING.
  2940 | D:4      | 2940 ||| RETREEEEATING.
  2943 | D:4      | HP: 3/35 [orc priest/divine providence (17)]
  2944 | D:4      | 2944 ||| READING scroll of teleportation.
  2946 | D:4      | Slain by an orc wizard

Levels and vault maps discovered:
D:1:      dpeg_arrival_signposts, layout_rooms,
          dreamdust_ecumenical_altar_drowned_temple
D:2:      layout_loops_ring, serial_shops, shop, minmay_diced_spiral
D:3:      layout_basic, minmay_distorted, uniq_crazy_yiuf_cottage
D:4:      layout_basic, guppyfry_shop_venom

Skill      XL: |  1  2  3  4  5  6 |
---------------+-------------------+-----
Ranged Weapons | 6 7 8 9 |  9.7
Dodging        | 3 4 |  4.8
Fighting       | 2 |  2.0
Stealth        | |  1.2

Action                     |  1- 3 |  4- 6 || total
---------------------------+-------+-------++-------
   Fire: Shortbow          |   126 |    79 ||   205
    Use: Scroll            |     6 |     2 ||     8
 Armour: Leather armour    |    14 |    18 ||    32
  Dodge: Dodged            |    22 |    11 ||    33

Table legend:
 A = Non-vault XP
 B = Vault XP
 C = Vault XP percentage of total XP
 D = Non-vault monster count
 E = Vault monster count
 F = Vault count percentage of total count
                 A         B        C        D         E       F
            +---------+---------+-------+---------+---------+-------
      Total |     690 |      13 |   1.8 |      83 |       8 |   8.8
            +---------+---------+-------+---------+---------+-------
        D:1 |      38 |       1 |   2.6 |      20 |       1 |   4.8
        D:2 |      36 |       8 |  18.2 |      19 |       5 |  20.8
        D:3 |     105 |       4 |   3.7 |      22 |       2 |   8.3
        D:4 |     511 |       0 |   0.0 |      22 |       0 |   0.0
            +---------+---------+-------+---------+---------+-------
